AoeStats
← 陟遐自迩

Black Forest

510477109Analyzed
4v4 RM · 9h ago on Oct 1, 2026· 51m 30s· 8 players
Game mode
Random Map
Map size
Large (8 player)
Population
200
Speed
Normal
Resources
Standard
Victory
Conquest
Starting age
Dark Age
Ending age
Imperial Age
RankedLock teamsTeams togetherTeam positionsShared explorationLock speedFull tech treeHidden civsTurbo modeCheats
Victory
Defeat
🇨🇿 Khmer · Czechia
1133
+13
🇩🇪 Persians · Germany
1064
+16
🇺🇸 Hindustanis · United States
1040
+17
🇷🇺 Celts · Russia
1037
+17
🇺🇸 Varangians · United States
1137
-18
🇨🇳 Danes · China
1127
-18
🇳🇿 Japanese · New Zealand
1066
-16
🇦🇷 Celts · Argentina
948
-11
Dippy Eggs
0:44 Loom
13:25 Feudal Age
19:33 Castle Age
18:15 Fishing Lines
18:23 Double-Bit Axe
18:58 Gold Mining
19:08 Stone Mining
21:28 Gillnets
21:57 Fletching
24:28 Wheelbarrow
24:48 Bow Saw
30:04 Imperial Age
28:04 Caravan
28:13 Bodkin Arrow
29:13 Hand Cart
29:38 Stone Shaft Mining
29:38 Horse Collar
31:12 Shatagni
32:06 Gold Shaft Mining
31:33 Heavy Plow
32:37 Two-Man Saw
33:17 Chemistry
32:15 Murder Holes
32:33 Masonry
32:32 Bracer
34:08 Grand Trunk Road
34:29 Conscription
34:35 Conscription
34:39 Forging
34:30 Scale Mail Armor
36:31 Elite Ghulam
37:49 Hoardings
37:54 Iron Casting
Альберт
1:25 Loom
13:55 Feudal Age
18:22 Castle Age
16:17 Double-Bit Axe
31:57 Imperial Age
30:22 Ballistics
32:08 Onager
33:53 Bow Saw
34:24 Wheelbarrow
33:35 Town Watch
33:35 Horse Collar
36:19 Heavy Plow
35:59 Siege Onager
38:11 Siege Engineers
38:30 Conscription
40:44 Furor Celtica
40:26 Stronghold
41:43 Chemistry
43:18 Gold Mining
43:44 Hand Cart
43:30 Town Patrol
45:10 Forging
45:00 Scale Mail Armor
44:58 Man-at-Arms
45:25 Gambesons
45:34 Long Swordsman
46:41 Two-Handed Swordsman
48:00 Iron Casting
47:25 Scale Mail Armor
47:25 Champion
49:49 Chain Mail Armor
50:35 Blast Furnace
52:10 Plate Mail Armor
DESTINNI
5:34 Loom
8:13 Feudal Age
9:29 Double-Bit Axe
13:01 Horse Collar
18:37 Castle Age
16:44 Gold Mining
17:50 Bloodlines
17:59 Bloodlines
25:10 Wheelbarrow
24:21 Town Watch
27:23 Imperial Age
27:47 Scale Barding Armor
27:49 Husbandry
28:32 Elite Battle Elephant
32:17 Bow Saw
32:10 Heavy Plow
33:04 Chain Barding Armor
37:06 Plate Barding Armor
36:42 Forging
35:56 Heavy Scorpion
37:21 Caravan
38:30 Hand Cart
39:11 Crop Rotation
38:32 Stone Mining
39:18 Gold Shaft Mining
39:30 Tusk Swords
41:16 Conscription
40:49 Onager
44:25 Stone Shaft Mining
49:34 Hoardings
49:00 Double Crossbow
48:21 Elite Ballista Elephant
50:53 Fortified Wall
50:54 Masonry
50:51 Siege Engineers
51:47 Chemistry
51:07 Ballistics
50:39 Fletching
50:50 Padded Archer Armor
50:50 Scale Mail Armor
51:25 Iron Casting
陟遐自迩
0:48 Loom
12:40 Feudal Age
18:58 Castle Age
18:05 Double-Bit Axe
18:16 Stone Mining
18:08 Horse Collar
19:44 Wheelbarrow
18:52 Fishing Lines
20:12 Bow Saw
20:46 Heavy Plow
21:58 Gold Mining
25:51 Gold Shaft Mining
28:01 Stone Shaft Mining
32:59 Imperial Age
30:58 Gillnets
31:33 Forging
31:29 Scale Barding Armor
31:26 Devotion
32:03 Hand Cart
31:34 Town Watch
34:35 Crop Rotation
35:08 Two-Man Saw
34:46 Iron Casting
34:32 Chain Barding Armor
34:36 Faith
34:39 Conscription
34:44 Elite War Elephant
37:12 Blast Furnace
37:37 Plate Barding Armor
40:05 Caravan
40:28 Fletching
40:40 Scale Mail Armor
40:40 Padded Archer Armor
44:07 Chain Mail Armor
43:47 Bodkin Arrow
44:08 Leather Archer Armor
44:07 Kamandaran
44:20 Citadels
46:49 Coinage
46:37 Guilds
49:47 Banking
52:06 Fervor
RexConquistadorLex
1:19 Loom
11:39 Feudal Age
14:15 Fishing Lines
16:58 Castle Age
15:19 Double-Bit Axe
21:36 Bow Saw
23:45 Gold Mining
26:02 Town Watch
26:36 Gillnets
31:21 Imperial Age
30:05 Squires
30:10 Husbandry
30:12 Stone Mining
30:51 Arson
31:21 Bloodlines
32:34 Conscription
33:04 Wheelbarrow
33:23 Fletching
33:19 Elite Varangian Guard
34:43 Forging
34:39 Scale Barding Armor
33:58 Cavalier
35:45 Hand Cart
36:27 Iron Casting
36:43 Fortified Wall
36:39 Siege Engineers
36:56 Ballistics
38:35 Chemistry
38:04 Chain Barding Armor
37:40 Vendel Legacy
39:40 Blast Furnace
40:17 Gothikon
41:46 Scale Mail Armor
42:02 Elite Jarl
43:49 Masonry
44:34 Chain Mail Armor
我的哈哈哈
0:32 Loom
14:07 Feudal Age
19:20 Castle Age
17:06 Horse Collar
17:48 Double-Bit Axe
20:33 Bow Saw
26:49 Heavy Plow
29:22 Wheelbarrow
29:11 Town Watch
33:35 Imperial Age
31:29 Scale Mail Armor
31:40 Forging
33:33 Hand Cart
33:23 Town Patrol
33:31 Squires
33:21 Arson
33:24 Gambesons
34:09 Chain Mail Armor
35:02 Iron Casting
34:22 Stone Mining
34:35 Onager
35:42 Murder Holes
35:55 Siege Engineers
35:54 Hamask
35:56 Northmen's Fury
37:29 Plate Mail Armor
38:00 Blast Furnace
36:53 Elite Varangian Guard
37:24 Pikeman
37:59 Siege Onager
39:51 Redemption
42:32 Chemistry
45:03 Fletching
SepeLio_O
0:32 Loom
12:01 Feudal Age
17:05 Castle Age
15:31 Stone Mining
19:17 Double-Bit Axe
19:49 Horse Collar
27:15 Imperial Age
25:05 Gold Mining
25:32 Heavy Plow
26:16 Gambesons
26:18 Man-at-Arms
27:41 Capped Ram
29:44 Pikeman
31:29 Ballistics
32:24 Wheelbarrow
31:35 Town Watch
33:32 Gold Shaft Mining
35:45 Chemistry
35:43 Conscription
36:11 Scale Mail Armor
37:25 Halberdier
38:27 Chain Mail Armor
38:23 Forging
38:50 Fletching
40:45 Plate Mail Armor
41:37 Stronghold
44:18 Iron Casting
43:39 Bodkin Arrow
45:12 Long Swordsman
47:39 Blast Furnace
46:42 Two-Handed Swordsman
48:43 Siege Ram
49:29 Arson
50:25 Champion
50:40 Heavy Scorpion
scrawnny12
10:48 Feudal Age
11:53 Double-Bit Axe
14:27 Castle Age
17:10 Fishing Lines
19:25 Bow Saw
22:52 Gillnets
24:50 Gold Mining
26:18 Stone Mining
30:07 Imperial Age
28:16 Wheelbarrow
28:45 Fletching
29:18 Ballistics
28:40 Treadmill Crane
29:23 Ballistics
30:27 Hand Cart
29:59 Loom
30:00 Town Watch
30:14 Bodkin Arrow
30:20 Padded Archer Armor
31:56 Gold Shaft Mining
31:16 Heavy Cavalry Archer
32:22 Parthian Tactics
32:03 Thumb Ring
32:17 Bracer
32:33 Leather Archer Armor
33:43 Chemistry
32:50 Siege Engineers
32:56 Masonry
32:37 Guard Tower
32:33 Arrowslits
33:37 Kataparuto
33:38 Conscription
34:52 Ring Archer Armor
34:46 Bloodlines
34:36 Husbandry
40:30 Caravan
40:16 Pikeman
40:56 Squires
40:42 Gambesons
41:03 Scale Mail Armor
41:13 Forging
41:37 Halberdier
42:38 Chain Mail Armor
43:50 Iron Casting
44:37 Plate Mail Armor
44:22 Elite Skirmisher
48:33 Blast Furnace
Connection lost

Rejoining the realm…

Still unreachable

The connection could not be restored.

Session expired

The server has moved on; the page needs a fresh start.